 Dungeon Crawl Stone Soup version 0.28.0-45-g0d030f2227 (webtiles) character file.

Game seed: 7848269585709305758

2 DuloT34 the Ruffian (level 1, -1/18 HPs)
             Began as a Naga Transmuter on Apr 20, 2022.
             Slain by a goblin
             ... wielding a +0 club
              (3 damage)
             ... on level 1 of the Dungeon.
             The game lasted 00:00:11 (21 turns).

DuloT34 the Ruffian (Naga Transmuter)                 Turns: 21, Time: 00:00:12

Health: -1/18      AC:  1    Str: 12    XL:     1   Next: 40%
Magic:  2/3        EV:  9    Int: 13    God:
Gold:   0          SH:  0    Dex: 11    Spells: 3/4 levels left

rFire   . . .      SeeInvis +     - Unarmed
rCold   . . .      Faith    .   (no shield)
rNeg    . . .      Spirit   .   a - +0 robe
rPois   +          Reflect  .   (helmet currently unavailable)
rElec   .          Harm     .   (no cloak)
rCorr   .          Rampage  .   (no gloves)
Will    .....                   (no barding)
Stlth   +.........              (no amulet)
HPRegen 0.06/turn               (no ring)
MPRegen 0.08/turn               (no ring)

@: appendages (expiring), very slow
A: horns 2, AC +0, large, see invisible, deformed body, poison resistance,
slowness 2, spit poison 1, naga tail 1
a: Spit Poison, End Transformation


You were on level 1 of the Dungeon.
You had temporarily grown beastly horns.
You visited 1 branch of the dungeon, and saw 1 of its levels.

Inventory:

Armour
 a - a +0 robe (worn)


   Skills:
 - Level 1.0 Fighting
 - Level 1.5 Dodging
 - Level 3.0 Unarmed Combat
 - Level 2.0 Spellcasting
 + Level 2.2 Transmutations


You had 3 spell levels left.
You knew the following spells:

 Your Spells              Type           Power      Damage    Failure   Level
a - Beastly Appendage     Tmut           14%        N/A       10%         1

Your spell library contained the following spells:

 Spells                   Type           Power      Damage    Failure   Level
 Wereblood                Tmut           7%         N/A       16%         2
 Spider Form              Tmut/Pois      4%         N/A       43%         3
 Ice Form                 Ice/Tmut       4%         N/A       85%         4


Dungeon Overview and Level Annotations

Branches:
Dungeon (1/15)

Altars:


Innate Abilities, Weirdness & Mutations

You have temporarily grown beastly horns.
Your serpentine skin is tough. (AC +0)
You have supernaturally acute eyesight. (SInv)
Armour fits poorly on your strangely shaped body.
Your system is resistant to poisons. (rPois)
You cover ground very slowly.
You can spit poison.
You have a snake-like lower body.


Message History

Press ? for a list of commands and other information.
Found a river rat skeleton.
Found a staircase leading out of the dungeon.
Found a river rat skeleton.
Found a river rat skeleton.
You open the door.
There is an open door here.
A goblin comes into view. It is wielding a +0 dagger.
The goblin shouts!
You hear a shout!
A frilled lizard comes into view.
A frilled lizard comes into view.
The goblin hits you with a +0 dagger.
The frilled lizard hisses angrily. x2
You hit the goblin.
You kill the goblin!
You miss the frilled lizard.
A goblin comes into view. It is wielding a +0 club.
The frilled lizard barely misses you. The frilled lizard bites you.
You miss the frilled lizard.
The frilled lizard completely misses you.
The frilled lizard barely misses you.
You hit the frilled lizard.
You kill the frilled lizard!
The frilled lizard bites you.
You hit the frilled lizard.
You kill the frilled lizard!
The goblin hits you with a +0 club. x2
Things that are here:
a +0 dagger; a goblin corpse
Casting: Beastly Appendage (safe; 10% risk of failure)
Confirm with . or Enter, or press ? or * to list all spells.
You grow a pair of large bovine horns.
The goblin hits you with a +0 club.
* * * LOW HITPOINT WARNING * * *
You are too injured to fight recklessly!
You are too injured to fight recklessly!
You are too injured to fight recklessly!
You are too injured to fight recklessly!
You miss the goblin. The goblin barely misses you.
You closely miss the goblin. The goblin hits you with a +0 club.
You die...

######### ≈≈≈≈≈≈≈≈##
.. ≈≈≈≈≈≈≈≈≈# .#
≈#≈≈°≈#≈≈# ..#
≈≈≈≈≈≈≈≈≈# ..# ≈
○≈≈≈≈°≈# #..####
############ .......
...<....'..######...#
##########......@g..#
≈ ≈≈÷≈°÷≈#........#.#
÷≈≈≈≈≈≈≈≈#.########
≈#≈≈≈≈#≈≈#.#
≈≈≈≈≈≈≈≈≈#.#
≈≈≈≈°≈≈≈##.#
##########.# #..


You could see a goblin.

Vanquished Creatures
  A goblin (D:1)
  2 frilled lizards (D:1)
3 creatures vanquished.

Notes
Turn   | Place    | Note
-------+----------+-------------------------------------------
     0 | D:1      | DuloT34 the Naga Transmuter began the quest for the Orb.
     0 | D:1      | Reached XP level 1. HP: 18/18 MP: 3/3
    21 | D:1      | Slain by a goblin

Illustrated notes

Levels and vault maps discovered:
D:1:      saegor_arrival_miasma, layout_loops_ring

Action                   || total
-------------------------++-------
Melee: Unarmed           ||     7
 Cast: Beastly Appendage ||     1
Dodge: Dodged            ||     4
